 Dungeon Crawl Stone Soup version 0.26.0-15-gc6cd9f7 (webtiles) character file.

Game seed: 3218966199357252296

121 ilyvion the Covered (level 5, -5/43 HPs)
             Began as a Gnoll Wanderer on Jan 20, 2021.
             Was an Initiate of Cheibriados.
             Slain by an iguana (11 damage)
             ... on level 3 of the Dungeon.
             The game lasted 00:16:47 (2083 turns).

ilyvion the Covered (Gnoll Wanderer)                Turns: 2083, Time: 00:16:48

Health: -5/43      AC:  8    Str: 18    XL:     5   Next: 5%
Magic:  6/6        EV: 10    Int: 16    God:    Cheibriados [......]
Gold:   149        SH:  0    Dex: 13    Spells: 6/6 levels left

rFire    . . .     SeeInvis .   d - +0 spear
rCold    . . .     Faith    .   (no shield)
rNeg     . . .     Spirit   .   f - +0 scale mail
rPois    .         Reflect  .   (no helmet)
rElec    .         Harm     .   (no cloak)
rCorr    .         Rampage  .   (no gloves)
Will     .....                  m - +0 pair of boots (curse)
Stlth    +.........             (no amulet)
HPRegen  0.14/turn              (no ring)
MPRegen  0.10/turn              (no ring)

@: very slow
A: distributed training, fangs 1, strong nose
a: Renounce Religion, Bend Time


You were on level 3 of the Dungeon.
You worshipped Cheibriados.
Cheibriados was noncommittal.
You visited 1 branch of the dungeon, and saw 3 of its levels.

You collected 149 gold pieces.

Inventory:

Hand Weapons
 a - a +2 dagger
 d - a +0 spear (weapon)
Missiles
 b - a curare-tipped dart
 e - 48 stones (quivered)
 h - 21 arrows
 t - 38 poisoned darts
Armour
 c - a +0 ring mail
 f - a +0 scale mail (worn)
 m - a cursed +0 pair of boots (worn)
Wands
 v - a wand of random effects (18)
Scrolls
 g - a scroll of blinking {unknown}
 i - 3 scrolls of fog {unknown}
 j - 3 scrolls of teleportation {unknown}
 k - 5 scrolls of identify {unknown}
 o - 2 scrolls of amnesia {unknown}
 q - 2 scrolls of magic mapping {unknown}
 r - a scroll of enchant armour {unknown}
 s - 2 scrolls of remove curse {unknown}
Potions
 l - 3 potions of heal wounds {unknown}
 n - 2 potions of brilliance {unknown}
 p - 2 potions of invisibility {unknown}
 u - a potion of resistance {unknown}
 w - a potion of ambrosia {unknown}
 x - a potion of haste {unknown}
 z - a potion of lignification {unknown}


   Skills:
 + Level 4.7 Fighting
 + Level 1.3 Short Blades
 + Level 1.3 Long Blades
 + Level 2.8 Axes
 + Level 1.3 Maces & Flails
 + Level 2.8 Polearms
 + Level 1.3 Staves
 + Level 1.3 Slings
 + Level 1.3 Bows
 + Level 1.3 Crossbows
 + Level 4.7 Throwing
 + Level 4.7 Armour
 + Level 1.3 Dodging
 + Level 4.3 Stealth
 + Level 1.3 Shields
 + Level 1.3 Unarmed Combat
 + Level 1.3 Spellcasting
 + Level 1.0 Conjurations
 + Level 1.0 Hexes
 + Level 1.0 Summonings
 + Level 1.0 Necromancy
 + Level 1.0 Translocations
 + Level 1.0 Transmutations
 + Level 1.0 Fire Magic
 + Level 1.0 Ice Magic
 + Level 1.0 Air Magic
 + Level 1.0 Earth Magic
 + Level 1.0 Poison Magic
 + Level 1.4 Invocations
 + Level 1.3 Evocations


You had 6 spell levels left.
You didn't know any spells.
Your spell library was empty.

Dungeon Overview and Level Annotations

Branches:
Dungeon (3/15)

Altars:
Cheibriados
Elyvilon
Makhleb
Nemelex Xobeh
Sif Muna
Xom
Zin

Annotations:
D:2 Sigmund


Innate Abilities, Weirdness & Mutations

Your experience applies equally to all skills.
You have very sharp teeth.
Your uncanny sense of smell can sniff out nearby items.


Message History

The iguana is almost dead.
The iguana bites you!
* * * LOW HITPOINT WARNING * * *
You closely miss the iguana.
The iguana is almost dead.
The iguana closely misses you.
You closely miss the iguana. You bite the iguana, but do no damage.
The iguana is almost dead.
The iguana bites you but does no damage.
You barely miss the iguana. Your bite misses the iguana.
The iguana is almost dead.
The iguana bites you.
* * * LOW HITPOINT WARNING * * *
You closely miss the iguana. You bite the iguana, but do no damage.
The iguana is almost dead.
The iguana barely misses you.
You barely miss the iguana.
The iguana is almost dead.
The iguana bites you!
You die...

...... ##.r... [.#
#............. #.#
..((...#..... ..## #
...........#####..####..
......#.................
...(.$....######.##....#
.......##.##.†..o...#
........o....###l####
...............#@#
######.........#.#
##..........##
#........_..)†# .#
#.#....._8_.#.## #.
#.##........#..## .. .
#........##..# .# ###.#
##..########.##.# ....#
#... #### #..#.#


You could see an iguana and an orc.

Vanquished Creatures
  Terence (D:3)
  4 adders
  A gnoll (D:2)
  3 worms (D:2)
  2 dart slugs
  A leopard gecko (D:1)
  An orc (D:3)
  3 giant cockroaches
  A goblin (D:3)
  3 hobgoblins
  3 quokkas
  2 ball pythons
  6 bats
  2 frilled lizards
  3 kobolds
  4 rats
40 creatures vanquished.

Notes
Turn   | Place    | Note
-------+----------+-------------------------------------------
     0 | D:1      | ilyvion the Gnoll Wanderer began the quest for the Orb.
     0 | D:1      | ilyvion set off with the following items: a +2 dagger, a
                  | curare-tipped dart, a +0 ring mail, a +0 spear
     0 | D:1      | Reached XP level 1. HP: 20/20 MP: 1/1
   335 | D:1      | Reached XP level 2. HP: 26/26 MP: 2/2
   779 | D:2      | Noticed an angel
   780 | D:2      | Found a shimmering altar of Xom.
   782 | D:2      | Found a glowing silver altar of Zin.
   861 | D:2      | Reached XP level 3. HP: 31/31 MP: 2/4
   991 | D:2      | Reached skill level 1 in Invocations
  1359 | D:2      | Reached skill level 1 in Short Blades
  1359 | D:2      | Reached skill level 1 in Long Blades
  1359 | D:2      | Reached skill level 1 in Maces & Flails
  1359 | D:2      | Reached skill level 1 in Staves
  1359 | D:2      | Reached skill level 1 in Slings
  1359 | D:2      | Reached skill level 1 in Bows
  1359 | D:2      | Reached skill level 1 in Crossbows
  1359 | D:2      | Reached skill level 1 in Dodging
  1359 | D:2      | Reached skill level 1 in Shields
  1359 | D:2      | Reached skill level 1 in Unarmed Combat
  1359 | D:2      | Reached skill level 1 in Spellcasting
  1359 | D:2      | Reached skill level 1 in Evocations
  1468 | D:2      | Found a burning altar of Makhleb.
  1491 | D:2      | Reached XP level 4. HP: 31/38 MP: 5/5
  1642 | D:2      | Noticed Sigmund
  1784 | D:3      | Found a snail-covered altar of Cheibriados.
  1792 | D:3      | Became a worshipper of Cheibriados the Contemplative
  1905 | D:3      | Found a shimmering blue altar of Sif Muna.
  1929 | D:3      | Reached skill level 1 in Conjurations
  1929 | D:3      | Reached skill level 1 in Hexes
  1929 | D:3      | Reached skill level 1 in Summonings
  1929 | D:3      | Reached skill level 1 in Necromancy
  1929 | D:3      | Reached skill level 1 in Translocations
  1929 | D:3      | Reached skill level 1 in Transmutations
  1929 | D:3      | Reached skill level 1 in Fire Magic
  1929 | D:3      | Reached skill level 1 in Ice Magic
  1929 | D:3      | Reached skill level 1 in Air Magic
  1929 | D:3      | Reached skill level 1 in Earth Magic
  1929 | D:3      | Reached skill level 1 in Poison Magic
  1946 | D:3      | Found a white marble altar of Elyvilon.
  1946 | D:3      | Found a sparkling altar of Nemelex Xobeh.
  2028 | D:3      | Noticed Terence
  2065 | D:3      | Killed Terence
  2066 | D:3      | Reached XP level 5. HP: 31/43 MP: 6/6
  2083 | D:3      | Slain by an iguana

Illustrated notes

Levels and vault maps discovered:
D:1:      erik_arrival_orb_chamber, layout_rooms
D:2:      layout_basic, grunt_temple_overflow_order_and_chaos_1,
          lemuel_crystal_altar, roderic_lattice_a, uniq_sigmund
D:3:      layout_rooms, kennysheep_slug_shrine,
          chequers_temple_overflow_statue_of_worship, uniq_terence

Skill      XL: |  1  2  3  4 |
---------------+-------------+-----
Invocations    | 1 |  1.4
Short Blades   | 1 |  1.3
Long Blades    | 1 |  1.3
Maces & Flails | 1 |  1.3
Staves         | 1 |  1.3
Slings         | 1 |  1.3
Bows           | 1 |  1.3
Crossbows      | 1 |  1.3
Dodging        | 1 |  1.3
Shields        | 1 |  1.3
Unarmed Combat | 1 |  1.3
Spellcasting   | 1 |  1.3
Evocations     | 1 |  1.3
Conjurations   | 1 |  1.0
Hexes          | 1 |  1.0
Summonings     | 1 |  1.0
Necromancy     | 1 |  1.0
Translocations | 1 |  1.0
Transmutations | 1 |  1.0
Fire Magic     | 1 |  1.0
Ice Magic      | 1 |  1.0
Air Magic      | 1 |  1.0
Earth Magic    | 1 |  1.0
Poison Magic   | 1 |  1.0
Fighting       | |  4.7
Axes           | |  2.8
Polearms       | |  2.8
Throwing       | |  4.7
Armour         | |  4.7
Stealth        | |  4.3

Action                   |  1- 3 |  4- 6 || total
-------------------------+-------+-------++-------
Melee: Spear             |   128 |    87 ||   215
       Bite              |     4 |    11 ||    15
Throw: Stone             |    36 |    31 ||    67
 Stab: Sleeping          |     2 |       ||     2
Armor: Scale mail        |    28 |    31 ||    59
Dodge: Dodged            |    22 |    38 ||    60
